TOP OF THE 1ST |
Memphis Blues batting - Pitching for Wichita Wranglers : RHP Eric Hunt
|
Pitching: RHP Eric Hunt
|
|
Batting: RHB Jorge Domínguez
|
0-0: Ball 1-0: Ball 2-0: Swinging Strike 2-1: Ball 3-1: Called Strike 3-2: Strikes out swinging
|
Batting: RHB Dave Wookey
|
0-0: SINGLE (Flyball, 89S)
|
Batting: RHB Raúl Perales
|
0-0: SINGLE (Flyball, 89S) Dave Wookey to second
|
Batting: RHB Bob Orr
|
0-0: Called Strike 0-1: Ball 1-1: Fly out, F8 (Flyball, 8RS)
|
Batting: LHB Arturo Rivera
|
0-0: Ball 1-0: Foul Ball, location: 2F 1-1: Ball 2-1: Ball 3-1: Base on Balls Dave Wookey to third Raúl Perales to second
|
Batting: RHB Sadao Kato
|
0-0: Fly out, F7 (Flyball, 7D)
|
Top of the 1st over - 0 run(s), 2 hit(s), 0 error(s), 3 left on base; Memphis 0 - Wichita 0 |
BOTTOM OF THE 1ST |
Wichita Wranglers batting - Pitching for Memphis Blues : RHP Kunihiko Daikawa
|
Pitching: RHP Kunihiko Daikawa
|
|
Batting: SHB Martín Medina
|
0-0: Called Strike 0-1: SINGLE (Groundball, 15) (infield hit)
|
Batting: LHB Eric Peterson
|
0-0: Ball 1-0: Fly out, F7 (Flyball, 7D)
|
Batting: RHB Norberto Taváres
|
0-0: Called Strike Martín Medina steals 2nd base 0-1: Foul Ball, location: 2F 0-2: Foul Ball, location: 2F 0-2: Ball 1-2: Ground out 2-3 (Groundball, 23) Martín Medina to third
|
Batting: RHB Bob Hall
|
0-0: SINGLE (Groundball, 56D) Martín Medina scores
|
Batting: RHB Tom Howe
|
0-0: Ball 1-0: Called Strike 1-1: Foul Ball, location: 2F 1-2: Strikes out looking
|
Bottom of the 1st over - 1 run(s), 2 hit(s), 0 error(s), 1 left on base; Memphis 0 - Wichita 1 |
TOP OF THE 2ND |
Memphis Blues batting - Pitching for Wichita Wranglers : RHP Eric Hunt
|
Batting: RHB Glenn Johnson
|
0-0: Ball 1-0: Foul Ball, location: 2F 1-1: Ball 2-1: Ball 3-1: Fly out, F6 (Popup, 56)
|
Batting: RHB Jesús Sánchez
|
0-0: Called Strike 0-1: Ball 1-1: Foul Ball, location: 2F 1-2: Ball 2-2: Strikes out swinging
|
Batting: RHB Dale O'Feennaghty
|
0-0: Ball 1-0: Called Strike 1-1: Ball 2-1: SINGLE (Groundball, 56S)
|
Batting: RHB Jorge Domínguez
|
0-0: Called Strike 0-1: Ball 1-1: SINGLE (Line Drive, 56) Dale O'Feennaghty to second
|
Batting: RHB Dave Wookey
|
0-0: Called Strike 0-1: Foul Ball, location: 2F 0-2: Ball 1-2: Ball Wild Pitch! Dale O'Feennaghty to third Jorge Domínguez to second 2-2: Ball 3-2: Strikes out swinging
|
Top of the 2nd over - 0 run(s), 2 hit(s), 0 error(s), 2 left on base; Memphis 0 - Wichita 1 |
BOTTOM OF THE 2ND |
Wichita Wranglers batting - Pitching for Memphis Blues : RHP Kunihiko Daikawa
|
Batting: RHB Desi Thompson
|
0-0: Foul Ball, location: 2F 0-1: Called Strike 0-2: Strikes out swinging
|
Batting: LHB Ramiro Martínez
|
0-0: Called Strike 0-1: Called Strike 0-2: Ball 1-2: Ground out 6-3 (Groundball, 6M)
|
Batting: RHB Dave Henderson
|
0-0: Called Strike 0-1: Ball 1-1: Called Strike 1-2: Ball 2-2: Ball 3-2: Strikes out swinging
|
Bottom of the 2nd over - 0 run(s), 0 hit(s), 0 error(s), 0 left on base; Memphis 0 - Wichita 1 |
TOP OF THE 3RD |
Memphis Blues batting - Pitching for Wichita Wranglers : RHP Eric Hunt
|
Batting: RHB Raúl Perales
|
0-0: Ball 1-0: Swinging Strike 1-1: Called Strike 1-2: Ground out 6-3 (Groundball, 6)
|
Batting: RHB Bob Orr
|
0-0: Foul Ball, location: 2F 0-1: Fly out, F8 (Flyball, 8RM)
|
Batting: LHB Arturo Rivera
|
0-0: SINGLE (Line Drive, 4D)
|
Batting: RHB Sadao Kato
|
0-0: Ball 1-0: Ball 2-0: Fielders Choice at 2nd, 5-4 (Groundball, 56)
|
Top of the 3rd over - 0 run(s), 1 hit(s), 0 error(s), 0 left on base; Memphis 0 - Wichita 1 |
BOTTOM OF THE 3RD |
Wichita Wranglers batting - Pitching for Memphis Blues : RHP Kunihiko Daikawa
|
Batting: RHB Don Thomas
|
0-0: SOLO HOME RUN (Flyball, 89XD), Distance : 404 ft
|
Batting: SHB Martín Medina
|
0-0: Swinging Strike 0-1: Swinging Strike 0-2: Strikes out swinging
|
Batting: LHB Eric Peterson
|
0-0: Called Strike 0-1: Ball 1-1: Foul Ball, location: 2F 1-2: Ball 2-2: Ground out 6-3 (Groundball, 6)
|
Batting: RHB Norberto Taváres
|
0-0: Ball 1-0: Foul Ball, location: 2F 1-1: Ball 2-1: Swinging Strike 2-2: Ball 3-2: Strikes out looking
|
Bottom of the 3rd over - 1 run(s), 1 hit(s), 0 error(s), 0 left on base; Memphis 0 - Wichita 2 |
TOP OF THE 4TH |
Memphis Blues batting - Pitching for Wichita Wranglers : RHP Eric Hunt
|
Batting: RHB Glenn Johnson
|
0-0: Ball 1-0: Ball 2-0: Swinging Strike 2-1: SOLO HOME RUN (Flyball, 7D), Distance : 361 ft
|
Batting: RHB Jesús Sánchez
|
0-0: Ball 1-0: Called Strike 1-1: Fly out, F2 (Popup, 2RF)
|
Batting: RHB Dale O'Feennaghty
|
0-0: Ball 1-0: Ground out 6-3 (Groundball, 6)
|
Batting: RHB Jorge Domínguez
|
0-0: Foul Ball, location: 2F 0-1: Called Strike 0-2: Ball 1-2: Foul Ball, location: 2F 1-2: Ground out 6-3 (Groundball, 6)
|
Top of the 4th over - 1 run(s), 1 hit(s), 0 error(s), 0 left on base; Memphis 1 - Wichita 2 |
BOTTOM OF THE 4TH |
Wichita Wranglers batting - Pitching for Memphis Blues : RHP Kunihiko Daikawa
|
Batting: RHB Bob Hall
|
0-0: Called Strike 0-1: Fly out, F9 (Line Drive, 89XD)
|
Batting: RHB Tom Howe
|
0-0: SINGLE (Line Drive, 5D)
|
Batting: RHB Desi Thompson
|
0-0: Foul Ball, location: 2F 0-1: Ball 1-1: Called Strike 1-2: Foul Ball, location: 2F 1-2: Strikes out looking
|
Batting: LHB Ramiro Martínez
|
0-0: Called Strike 0-1: Called Strike 0-2: Ball 1-2: Ground out 4-3 (Groundball, 4)
|
Bottom of the 4th over - 0 run(s), 1 hit(s), 0 error(s), 1 left on base; Memphis 1 - Wichita 2 |
TOP OF THE 5TH |
Memphis Blues batting - Pitching for Wichita Wranglers : RHP Eric Hunt
|
Batting: RHB Dave Wookey
|
0-0: Ball 1-0: Foul Ball, location: 2F 1-1: Ball 2-1: Ball 3-1: Base on Balls
|
Batting: RHB Raúl Perales
|
0-0: Called Strike 0-1: Ball 1-1: Ball 2-1: Called Strike 2-2: Foul Ball, location: 2F 2-2: Strikes out swinging
|
Batting: RHB Bob Orr
|
0-0: Ball 1-0: Ball 2-0: Called Strike 2-1: Swinging Strike 2-2: Ball 3-2: Base on Balls Dave Wookey to second
|
Batting: LHB Arturo Rivera
|
0-0: Ball 1-0: Swinging Strike 1-1: Swinging Strike 1-2: SINGLE (Groundball, 4MD) Dave Wookey to third Bob Orr to second
|
Batting: RHB Sadao Kato
|
0-0: Ball 1-0: Ball 2-0: Ball 3-0: Called Strike 3-1: Foul Ball, location: 2F 3-2: Foul Ball, location: 2F 3-2: Base on Balls Dave Wookey scores Bob Orr to third Arturo Rivera to second
|
Batting: RHB Glenn Johnson
|
0-0: Called Strike 0-1: Foul Ball, location: 2F 0-2: Foul Ball, location: 2F 0-2: Ball 1-2: Foul Ball, location: 2F 1-2: Ball 2-2: Ball 3-2: Ground out 5-3 (Groundball, 56S) Bob Orr scores Arturo Rivera to third Sadao Kato to second
|
Pitching: RHP Larry Jones
|
|
Batting: RHB Jesús Sánchez
|
0-0: Called Strike 0-1: Swinging Strike 0-2: Ball 1-2: Foul Ball, location: 2F 1-2: Strikes out swinging
|
Top of the 5th over - 2 run(s), 1 hit(s), 0 error(s), 2 left on base; Memphis 3 - Wichita 2 |
BOTTOM OF THE 5TH |
Wichita Wranglers batting - Pitching for Memphis Blues : RHP Kunihiko Daikawa
|
Batting: RHB Dave Henderson
|
0-0: Ball 1-0: Called Strike 1-1: Foul Ball, location: 2F 1-2: Foul Ball, location: 2F 1-2: Ball 2-2: Ball 3-2: Base on Balls
|
Batting: RHB Don Thomas
|
0-0: Foul Ball, location: 2F 0-1: Ball 1-1: Ball 2-1: Fly out, F8 (Popup, 6MD)
|
Batting: SHB Martín Medina
|
0-0: Ground out 3-1 (Groundball, 34) Dave Henderson to second
|
Batting: LHB Eric Peterson
|
0-0: Ball 1-0: Swinging Strike 1-1: Swinging Strike 1-2: Ball 2-2: Ball 3-2: Strikes out swinging
|
Bottom of the 5th over - 0 run(s), 0 hit(s), 0 error(s), 1 left on base; Memphis 3 - Wichita 2 |
TOP OF THE 6TH |
Memphis Blues batting - Pitching for Wichita Wranglers : RHP Larry Jones
|
Batting: RHB Dale O'Feennaghty
|
0-0: Ball 1-0: Foul Ball, location: 2F 1-1: Swinging Strike 1-2: Ball 2-2: Foul Ball, location: 2F 2-2: SINGLE (Groundball, 4MD)
|
Batting: RHB Jorge Domínguez
|
0-0: Called Strike 0-1: Ball 1-1: Ball 2-1: Called Strike 2-2: Foul Ball, location: 2F 2-2: Strikes out swinging
|
Batting: RHB Dave Wookey
|
0-0: Ball 1-0: SINGLE (Flyball, 9S) Dale O'Feennaghty to second
|
Batting: RHB Raúl Perales
|
0-0: Ball 1-0: Ball 2-0: Ball 3-0: Called Strike 3-1: Swinging Strike 3-2: Base on Balls Dale O'Feennaghty to third Dave Wookey to second
|
Batting: RHB Bob Orr
|
0-0: Foul Ball, location: 2F 0-1: Foul Ball, location: 2F 0-2: Foul Ball, location: 2F 0-2: Ball 1-2: Ball 2-2: Foul Ball, location: 2F 2-2: Ball 3-2: SINGLE (Line Drive, 8RS) Dale O'Feennaghty scores Dave Wookey to third Raúl Perales to second
|
Batting: LHB Arturo Rivera
|
0-0: Called Strike 0-1: Called Strike 0-2: Ball 1-2: Foul Ball, location: 2F 1-2: Ground out 4-3 (Groundball, 4MD) Dave Wookey scores Raúl Perales to third Bob Orr to second
|
Pitching: LHP Craig Sturdy
|
|
Batting: RHB Sadao Kato
|
0-0: Ball 1-0: Ball 2-0: Ball 3-0: Ground out 4-3 (Groundball, 4)
|
Top of the 6th over - 2 run(s), 3 hit(s), 0 error(s), 2 left on base; Memphis 5 - Wichita 2 |
BOTTOM OF THE 6TH |
Wichita Wranglers batting - Pitching for Memphis Blues : RHP Kunihiko Daikawa
|
Batting: RHB Norberto Taváres
|
0-0: Called Strike 0-1: Ball 1-1: Foul Ball, location: 2F 1-2: Foul Ball, location: 2F 1-2: Foul Ball, location: 2F 1-2: Fly out, F9 (Flyball, 89M)
|
Pitching: RHP David Bates
|
|
Batting: RHB Bob Hall
|
0-0: Called Strike 0-1: Ball 1-1: Ground out 4-3 (Groundball, 4)
|
Batting: RHB Tom Howe
|
0-0: Ball 1-0: Ground out 6-3 (Groundball, 6MS)
|
Bottom of the 6th over - 0 run(s), 0 hit(s), 0 error(s), 0 left on base; Memphis 5 - Wichita 2 |
TOP OF THE 7TH |
Memphis Blues batting - Pitching for Wichita Wranglers : LHP Craig Sturdy
|
Batting: RHB Glenn Johnson
|
0-0: Called Strike 0-1: Foul Ball, location: 2F 0-2: Ball 1-2: Foul Ball, location: 2F 1-2: Strikes out swinging
|
Batting: RHB Jesús Sánchez
|
0-0: Called Strike 0-1: Foul Ball, location: 2F 0-2: Ball 1-2: Strikes out swinging
|
Batting: RHB Dale O'Feennaghty
|
0-0: Called Strike 0-1: Ball 1-1: Foul Ball, location: 2F 1-2: Foul Ball, location: 2F 1-2: Strikes out swinging
|
Top of the 7th over - 0 run(s), 0 hit(s), 0 error(s), 0 left on base; Memphis 5 - Wichita 2 |
BOTTOM OF THE 7TH |
Wichita Wranglers batting - Pitching for Memphis Blues : RHP David Bates
|
Batting: RHB Desi Thompson
|
0-0: Called Strike 0-1: Ball 1-1: Ball 2-1: Foul Ball, location: 2F 2-2: Strikes out swinging
|
Batting: LHB Ramiro Martínez
|
0-0: Foul Ball, location: 2F 0-1: Reached on error, E3 (Groundball, 34S)
|
Batting: RHB Dave Henderson
|
0-0: Ball 1-0: Foul Ball, location: 2F 1-1: Called Strike Ramiro Martínez steals 2nd base 1-2: Ball 2-2: Ball 3-2: Strikes out swinging
|
Batting: RHB Don Thomas
|
0-0: Fly out, F5 (Line Drive, 5)
|
Bottom of the 7th over - 0 run(s), 0 hit(s), 1 error(s), 1 left on base; Memphis 5 - Wichita 2 |
TOP OF THE 8TH |
Memphis Blues batting - Pitching for Wichita Wranglers : LHP Craig Sturdy
|
Batting: RHB Jorge Domínguez
|
0-0: Ground out 6-3 (Groundball, 6M)
|
Batting: RHB Dave Wookey
|
0-0: Ball 1-0: Called Strike 1-1: Ball 2-1: Swinging Strike 2-2: Strikes out swinging
|
Batting: RHB Raúl Perales
|
0-0: Ball 1-0: Called Strike 1-1: Foul Ball, location: 2F 1-2: SOLO HOME RUN (Flyball, 7D), Distance : 370 ft
|
Batting: RHB Bob Orr
|
0-0: Called Strike 0-1: Ball 1-1: TRIPLE (Flyball, 89XD)
|
Batting: LHB Arturo Rivera
|
0-0: Ball 1-0: Ball 2-0: Ball 3-0: Called Strike 3-1: Foul Ball, location: 2F 3-2: Foul Ball, location: 2F 3-2: Foul Ball, location: 2F 3-2: SINGLE (Groundball, 34D) Bob Orr scores
|
Batting: RHB Sadao Kato
|
0-0: Swinging Strike 0-1: Called Strike 0-2: Ball 1-2: Foul Ball, location: 2F 1-2: Foul Ball, location: 2F 1-2: Ball Wild Pitch! Arturo Rivera to second 2-2: Ball 3-2: DOUBLE (Line Drive, 5L) Arturo Rivera scores
|
Batting: RHB Glenn Johnson
|
0-0: Called Strike 0-1: Ball 1-1: Foul Ball, location: 2F 1-2: Ball 2-2: Foul Ball, location: 2F 2-2: Ball 3-2: Strikes out looking
|
Top of the 8th over - 3 run(s), 4 hit(s), 0 error(s), 1 left on base; Memphis 8 - Wichita 2 |
BOTTOM OF THE 8TH |
Wichita Wranglers batting - Pitching for Memphis Blues : RHP David Bates
|
Now at 2B: Glenn Melican
|
|
Now at SS: Lorenzo Mota
|
|
Now in CF: Mark Folger
|
|
Batting: SHB Martín Medina
|
0-0: Swinging Strike 0-1: Ball 1-1: Called Strike 1-2: Fly out, F8 (Flyball, 8LM)
|
Pitching: LHP Ramón Vázquez
|
|
Batting: LHB Eric Peterson
|
0-0: Swinging Strike 0-1: Ball 1-1: Ball 2-1: Called Strike 2-2: Strikes out swinging
|
Batting: RHB Norberto Taváres
|
0-0: Ball 1-0: Called Strike 1-1: Foul Ball, location: 2F 1-2: Foul Ball, location: 2F 1-2: Fly out, F4 (Popup, 4D)
|
Bottom of the 8th over - 0 run(s), 0 hit(s), 0 error(s), 0 left on base; Memphis 8 - Wichita 2 |
TOP OF THE 9TH |
Memphis Blues batting - Pitching for Wichita Wranglers : LHP Craig Sturdy
|
Batting: RHB Jesús Sánchez
|
0-0: Ball 1-0: Swinging Strike 1-1: Foul Ball, location: 2F 1-2: Ball 2-2: Strikes out swinging
|
Batting: RHB Dale O'Feennaghty
|
0-0: Ball 1-0: SINGLE (Line Drive, 4MD)
|
Batting: RHB Jorge Domínguez
|
0-0: Called Strike 0-1: Ball 1-1: Ball 2-1: Foul Ball, location: 2F 2-2: DOUBLE (Line Drive, 7M) Dale O'Feennaghty to third Runner from 3rd tries for Home, SAFE, throw made home
|
Batting: RHB Dave Wookey
|
0-0: Ball 1-0: Called Strike 1-1: Ball 2-1: Fly out, F7 (Flyball, 7M)
|
Batting: RHB Raúl Perales
|
0-0: Ball 1-0: Fly out, F9 (Flyball, 89M)
|
Top of the 9th over - 1 run(s), 2 hit(s), 0 error(s), 1 left on base; Memphis 9 - Wichita 2 |
BOTTOM OF THE 9TH |
Wichita Wranglers batting - Pitching for Memphis Blues : LHP Ramón Vázquez
|
Now at 3B: Leopoldo Horgan
|
|
Batting: RHB Bob Hall
|
0-0: Called Strike 0-1: Foul Ball, location: 2F 0-2: Strikes out swinging
|
Batting: RHB Tom Howe
|
0-0: Called Strike 0-1: Ball 1-1: Ball 2-1: Foul Ball, location: 2F 2-2: Ball 3-2: DOUBLE (Line Drive, 7LM)
|
Batting: RHB Desi Thompson
|
0-0: Called Strike 0-1: Swinging Strike 0-2: Foul Ball, location: 2F 0-2: Strikes out swinging
|
Batting: LHB Ramiro Martínez
|
0-0: Called Strike 0-1: Called Strike 0-2: Strikes out swinging
|
Bottom of the 9th over - 0 run(s), 1 hit(s), 0 error(s), 1 left on base; Memphis 9 - Wichita 2 |
|